 Dungeon Crawl Stone Soup version 0.28.0 (webtiles) character file.

Game seed: 13321609072818865808

207 willcat the Chiller (level 5, -1/28 HPs)
             Began as a Deep Elf Ice Elementalist on Feb 8, 2022.
             Slain by a killer bee (8 damage)
             ... on level 4 of the Dungeon.
             The game lasted 00:03:51 (4326 turns).

willcat the Chiller (Deep Elf Ice Elementalist)     Turns: 4326, Time: 00:03:51

Health: -1/28      AC:  9    Str:  8    XL:     5   Next: 54%
Magic:  8/14       EV: 12    Int: 22    God:
Gold:   154        SH:  0    Dex: 15    Spells: 6/13 levels left

rFire   . . .      SeeInvis +   i - +8 mace of Gidumef {vamp, rElec rCorr Str+3 SInv}
rCold   . . .      Faith    .   (no shield)
rNeg    . . .      Spirit   .   a - +0 robe
rPois   +          Reflect  .   (no helmet)
rElec   +          Harm     .   (no cloak)
rCorr   +          Rampage  .   (no gloves)
Will    .....                   (no boots)
Stlth   +++.......              (no amulet)
HPRegen 0.09/turn               c - ring of poison resistance
MPRegen 0.14/turn               (no ring)

@: lethally poisoned (-1 -> -12), ice-armoured, freezing walls
A: no striking features
a: no special abilities


You were on level 4 of the Dungeon.
You visited 1 branch of the dungeon, and saw 4 of its levels.

You collected 154 gold pieces.

Inventory:

Hand Weapons
 i - the +8 mace of Gidumef (weapon) {vamp, rElec rCorr Str+3 SInv}
   (You found it on level 2 of the Dungeon)

   It occasionally heals its wielder for a portion of the damage dealt when it
   wounds a living foe.
   Str:       It affects your strength (+3).
   rElec:     It insulates you from electricity.
   SInv:      It lets you see invisible.
   rCorr:     It protects you from acid and corrosion.
Armour
 a - a +0 robe (worn)
Jewellery
 c - a ring of poison resistance (left hand)
 h - a ring of protection from cold
Scrolls
 b - 2 scrolls of fear {unknown}
 e - a scroll of immolation {unknown}
 f - 3 scrolls of identify {unknown}
 g - a scroll of magic mapping {unknown}
 j - a scroll of amnesia {unknown}
 l - a scroll of fog {unknown}
Potions
 k - a potion of might {unknown}


   Skills:
 + Level 1.1 Maces & Flails
 - Level 2.6 Dodging
 + Level 4.5 Stealth
 + Level 4.9 Spellcasting
 + Level 5.4 Ice Magic


You had 6 spell levels left.
You knew the following spells:

 Your Spells              Type           Power      Damage    Failure   Level
a - Freeze                Ice            100%       1d11      1%          1
b - Frozen Ramparts       Ice            58%        1d7       3%          3
c - Ozocubu's Armour      Ice            29%        N/A       3%          3

Your spell library contained the following spells:

 Spells                   Type           Power      Damage    Failure   Level
 Stone Arrow              Conj/Erth      10%        3d7       30%         3
 Hailstorm                Conj/Ice       17%        3d6       32%         4
 Animate Armour           Summ/Erth      10%        N/A       71%         4
 Lehudib's Crystal Spear  Conj/Erth      2%         10d2      100%        8


Dungeon Overview and Level Annotations

Branches:
Dungeon (4/15)
 Temple: D:4-7

Altars:
Hepliaklqana
Qazlal

Annotations:
D:2 1 runed translucent door, Crazy Yiuf


Message History

A killer bee comes into view. x2
The killer bee buzzes angrily. x2
There are monsters nearby!
Unknown command.
The killer bee closely misses you.
Unknown command.
Casting: Ozocubu's Armour (dangerous; 3% risk of failure)
Confirm with . or Enter, or press ? or * to list all spells.
Casting: Frozen Ramparts (dangerous; 3% risk of failure)
Press: ? - help, Dir - look around, f - activate The walls around you are covered in ice.
The wall freezes the killer bee.
The killer bee stings you!
The wall freezes the killer bee.
The killer bee stings you!
The wall freezes the adder.
The adder seems to slow down.
The wall freezes the killer bee.
The killer bee closely misses you.
The wall freezes the adder.
The adder seems to slow down.
Unknown command.
Your frozen ramparts will break if you move.
Continue?
Okay, then.
Casting: Frozen Ramparts (dangerous; 3% risk of failure)
Confirm with . or Enter, or press ? or * to list all spells.
A film of ice covers your body!
The wall freezes the killer bee.
The killer bee barely misses you.
The wall freezes the killer bee.
The killer bee misses you.
The wall freezes the killer bee.
The killer bee stings you.
The wall freezes the killer bee.
The killer bee stings you.
* * * LOW HITPOINT WARNING * * *
The wall freezes the killer bee.
The killer bee stings you but does no damage.
Unknown command.
It was a potion of curing.
You feel better.
The wall freezes the killer bee.
The killer bee stings you.
You are lethally poisoned!
The killer bee poisons you!
The wall freezes the killer bee.
The killer bee stings you.
* * * LOW HITPOINT WARNING * * *
The wall freezes the killer bee but does no damage.
The killer bee barely misses you.
The wall freezes the killer bee. x2
The killer bee stings you!
You die...

#.. #.# ### #.# #..
#### #.# #.# . ..# #.#
#.# ..y #.# #.# #.#
.y...##@###.###<######
..=.yyyyy..............
#..).yS.....###########
..#.######### .. #. #


You could see 6 killer bees and an adder (slow).

Vanquished Creatures
  An orc priest (D:3)
  A centaur skeleton (D:3)
  A hound skeleton (D:3)
  5 adders
  2 worms
  4 dart slugs
  4 orcs (D:3)
  6 ball pythons
  4 endoplasms
  4 giant cockroaches
  3 hobgoblins
  10 jackals (D:1)
  A quokka (D:1)
  4 bats (D:2)
  4 frilled lizards
  7 goblins
  8 kobolds
  6 rats
75 creatures vanquished.

Notes
Turn   | Place    | Note
-------+----------+-------------------------------------------
     0 | D:1      | willcat the Deep Elf Ice Elementalist began the quest for
                  | the Orb.
     0 | D:1      | Reached XP level 1. HP: 10/10 MP: 6/6
   245 | D:1      | Reached XP level 2. HP: 15/15 MP: 6/8
  1020 | D:1      | Reached XP level 3. HP: 10/19 MP: 7/10
  1728 | D:2      | Learned a level 3 spell: Frozen Ramparts
  1742 | D:2      | Learned a level 3 spell: Ozocubu's Armour
  1801 | D:2      | Found a stormy altar of Qazlal.
  2270 | D:2      | Reached skill level 5 in Ice Magic
  2319 | D:2      | Reached XP level 4. HP: 23/24 MP: 10/12
  2483 | D:2      | Found a faded altar of an unknown god.
  2678 | D:2      | Found a runed translucent door.
  2679 | D:2      | Noticed Crazy Yiuf
  2968 | D:2      | Identified the +8 mace of Gidumef {vamp, rElec rCorr Str+3
                  | SInv}
  3295 | D:3      | HP: 1/36 [poisoned by an adder]
  3688 | D:3      | Found a hazy altar of Hepliaklqana.
  3844 | D:3      | Reached XP level 5. HP: 28/28 MP: 13/13
  4027 | D:3      | Reached skill level 1 in Maces & Flails
  4326 | D:4      | Slain by a killer bee

Illustrated notes

Levels and vault maps discovered:
D:1:      lightli_arrival_maybe_door_vault, layout_loops_corners
D:2:      layout_basic, basic_altar, shapermc_ecumenical_altar_ellora,
          hex_large, uniq_crazy_yiuf_cottage
D:3:      cheibrodos_helix_gallery, layout_loops_ring, lemuel_doored_altar,
          st_stairs_11
D:4:      layout_loops_ring, serial_shops, nicolae_shop_statue_plus

Skill      XL: |  1  2  3  4  5 |
---------------+----------------+-----
Stealth        | 3 4 |  4.5
Spellcasting   | 4 |  4.9
Ice Magic      | 5 |  5.4
Maces & Flails | 1 |  1.1
Dodging        | |  2.6

Action                   |  1- 3 |  4- 6 || total
-------------------------+-------+-------++-------
Melee: Unarmed           |     5 |       ||     5
       Dagger            |    11 |       ||    11
       Whip              |     2 |     1 ||     3
       Mace              |       |    41 ||    41
 Cast: Freeze            |    55 |     7 ||    62
       Frozen Ramparts   |       |     4 ||     4
       Ozocubu's Armour  |       |     2 ||     2
  Use: Potion            |       |     2 ||     2
 Stab: Sleeping          |     2 |     9 ||    11
Armor: Robe              |     4 |     6 ||    10
Dodge: Dodged            |    43 |    36 ||    79
